 Dungeon Sprint DCSS version 0.31-a0-263-ge8cad7f256 (webtiles) character file.

Game seed: 12906686050871378522

294 rocky1 the Mimic (level 6, -2/44 HPs)
             Began as an Octopode Shapeshifter on July 14, 2023.
             Was a Believer of Okawaru.
             Slain by Crazy Yiuf
             ... wielding a +3 quarterstaff of chaos
              (11 damage)
             ... in the Dungeon (Sprint VII: "The Pits").
             The game lasted 00:02:08 (579 turns).

rocky1 the Mimic (Octopode Shapeshifter)             Turns: 579, Time: 00:02:09

Health: -2/44      AC:  1    Str: 14    XL:     6   Next: 34%
Magic:  6/6        EV: 14    Int: 13    God:    Okawaru [**....]
Gold:   0          SH:  0    Dex: 12    Spells: 5/5 levels left

rFire   . .          .
                       - Unarmed
rCold   . . .        (no shield)
rNeg    . . .        (helmet currently unavailable)
rPois   .            (no amulet)
rElec   .            (no ring)
rCorr   .            (no ring)
SInv    .            (no ring)
Will    .....        (no ring)
Stlth   +++          (no ring)
HPRegen 0.27/turn    (no ring)
MPRegen 0.10/turn    (no ring)
                     (no ring)

%: no teleportation
@: beast-form
A: beast (slay +5), almost no armour, amphibious, 8 rings, camouflage 1,
gelatinous body 1, (nimble swimmer 1), tentacles
a: Begin Untransformation, Renounce Religion, Heroism


You were in the Dungeon.
You worshipped Okawaru.
Okawaru was pleased with you.
You were a hulking beast.
You visited 1 branch

Inventory:

Talismans
 b - a beast talisman
Scrolls
 h - a scroll of blinking
 j - 5 scrolls of amnesia
Potions
 a - a potion of lignification
 c - 6 potions of curing
 d - 6 potions of heal wounds
 e - a potion of haste
 f - 4 potions of magic
 g - 2 potions of berserk rage
 i - 2 potions of invisibility


   Skills:
 + Level 4.3 Fighting
 + Level 4.8 Dodging
 + Level 3.0 Stealth
 + Level 6.2 Unarmed Combat
 + Level 8.4 Shapeshifting


You had 5 spell levels left.
You didn't know any spells.
Your spell library was empty.

Dungeon Overview and Level Annotations

Branches:
Dungeon (1/1)

Altars:
Ashenzari
Cheibriados
Dithmenos
Elyvilon
Fedhas
Gozag
Hepliaklqana
Kikubaaqudgha
Makhleb
Nemelex Xobeh
Okawaru
Qazlal
Ru
Sif Muna
Trog
Uskayaw
Vehumet
Wu Jian
Xom
Yredelemnul
Zin
The Shining One
Jiyva
Lugonu

Annotations:
D Crazy Yiuf


Innate Abilities, Weirdness & Mutations

You are a hulking beast.
Your limbs bulge with bestial killing power. (Slay +5)
You cannot wear most types of armour.
You are amphibious.
You can wear up to eight rings at the same time.
Your skin changes colour to match your surroundings (Stealth+).
Your rubbery body absorbs attacks. (AC +1, EV +1)
((You are camouflaged when in or above water. (Stealth+)))
You have tentacles for arms and can constrict up to eight enemies at once.


Message History

Okawaru accepts your kill.
Menkaure shouts!
The crimson imp shouts!
An orc comes into view. It is wielding a +0 flail.
The goblin shouts!
Menkaure calls on the powers of darkness!
Your body is wracked with pain!
The orc convulses!
You tentacle-slap the orc.
You kill the orc!
Okawaru accepts your kill.
The crimson imp blinks!
You tentacle-slap Menkaure. Your grab misses Menkaure. You squeeze Menkaure!
Menkaure is severely damaged.
The crimson imp hits you.
Menkaure calls on the powers of darkness!
Your body is wracked with pain!
* * * LOW HITPOINT WARNING * * *
Crazy Yiuf convulses!
You tentacle-slap Menkaure. Your grab misses Menkaure.
You tentacle-slap Menkaure.
You destroy Menkaure!
Okawaru is honoured by your kill. The crimson imp hits you.
* * * LOW HITPOINT WARNING * * *
Crazy Yiuf closely misses you.
Your Fighting skill increases to level 4!
Your Stealth skill increases to level 3!
Your Unarmed Combat skill increases to level 6!
Your Shapeshifting skill increases to level 8!
You have reached level 6!
You barely miss the crimson imp. Your grab misses the crimson imp.
Your squeeze misses the crimson imp. Crazy Yiuf closely misses you.
The crimson imp puffs mist at you. The crimson imp hits you.
* * * LOW HITPOINT WARNING * * *
Unknown command.
You tentacle-slap Crazy Yiuf. You grab Crazy Yiuf.
Crazy Yiuf is severely wounded.
You constrict Crazy Yiuf, but do no damage.
Crazy Yiuf hits you with a +3 quarterstaff of chaos!
You die...

#.#..####))##.......#
#.#..#..#))##.......#
#.#..#..#[[##.......#
#.##)#..#'###...<...#
#.#.)))....##.......#
#.#........##.......#
#'###########.......#
#..#.#.## #########
#..5h)..# ##.#g#.##
#...g...# ##.#.#.##
.......# ##.#.# .+
##### ##


You could see Crazy Yiuf, a crimson imp and a goblin.

Vanquished Creatures
  Menkaure (D)
  An orc warrior (D)
  An orc priest (D)
  An orc wizard (D)
  A worm (D)
  3 orcs (D)
  A bat skeleton (D)
  A hobgoblin (D)
  3 jackals (D)
  3 kobolds (D)
  A ball python skeleton (D)
  A ball python zombie (D)
  A rat (D)
19 creatures vanquished.

Notes
Turn   | Place    | Note
-------+----------+-------------------------------------------
     0 | D        | rocky1 the Octopode Shapeshifter began the quest for the
                  | Orb.
     0 | D        | Reached XP level 1. HP: 14/14 MP: 1/1
    25 | D        | Found a bloodstained altar of Trog.
    25 | D        | Found a shimmering blue altar of Sif Muna.
    25 | D        | Found a viscous altar of Jiyva.
    25 | D        | Found a hazy altar of Hepliaklqana.
    25 | D        | Found an opulent altar of Gozag.
    26 | D        | Found a glowing golden altar of the Shining One.
    26 | D        | Found a glowing silver altar of Zin.
    26 | D        | Found a basalt altar of Yredelemnul.
    26 | D        | Found a shimmering altar of Xom.
    26 | D        | Found an ornate altar of the Wu Jian Council.
    26 | D        | Found a sacrificial altar of Ru.
    26 | D        | Found a stormy altar of Qazlal.
    26 | D        | Found an iron altar of Okawaru.
    26 | D        | Found a sparkling altar of Nemelex Xobeh.
    26 | D        | Found a burning altar of Makhleb.
    26 | D        | Found a blossoming altar of Fedhas.
    26 | D        | Found a white marble altar of Elyvilon.
    26 | D        | Found a shadowy altar of Dithmenos.
    26 | D        | Found a snail-covered altar of Cheibriados.
    29 | D        | Found a corrupted altar of Lugonu.
    29 | D        | Found a radiant altar of Vehumet.
    30 | D        | Found an ancient bone altar of Kikubaaqudgha.
    30 | D        | Found a hide-covered altar of Uskayaw.
    30 | D        | Found a broken altar of Ashenzari.
    40 | D        | Became a worshipper of Warmaster Okawaru
    91 | D        | Reached skill level 4 in Shapeshifting
    91 | D        | Reached XP level 2. HP: 19/19 MP: 2/2
   106 | D        | Noticed an orc warrior
   107 | D        | Reached skill level 5 in Shapeshifting
   107 | D        | Reached XP level 3. HP: 21/25 MP: 3/3
   115 | D        | Reached skill level 1 in Stealth
   115 | D        | Reached XP level 4. HP: 23/31 MP: 4/4
   123 | D        | Killed an orc warrior
   123 | D        | Reached * piety under Okawaru
   124 | D        | Reached skill level 5 in Unarmed Combat
   124 | D        | Reached skill level 7 in Shapeshifting
   124 | D        | Reached XP level 5. HP: 17/37 MP: 5/5
   570 | D        | Noticed Menkaure
   570 | D        | Noticed Crazy Yiuf
   577 | D        | Killed Menkaure
   577 | D        | Reached ** piety under Okawaru
   578 | D        | Reached skill level 8 in Shapeshifting
   578 | D        | Reached XP level 6. HP: 11/44 MP: 6/6
   579 | D        | Slain by Crazy Yiuf

Illustrated notes

Levels and vault maps discovered:
D:        pitsprint [storerooms_1, entrance_room_1, metal_vault_1, armoury_1,
          mini_pit_1, grid_room_1, main_hall_1, silver_pit, the_coven_3,
          the_vestibule_1, steel_vault_1, golden_pit, hallway_of_sentries,
          crystal_vault_4, iron_vault_1, final_vault]

Skill      XL: |  1  2  3  4  5 |
---------------+----------------+-----
Shapeshifting  | 4 5 7 8 |  8.4
Unarmed Combat | 3 5 6 |  6.2
Fighting       | 3 4 |  4.3
Dodging        | 3 4 |  4.8
Stealth        | 1 2 3 |  3.0

Action                     |  1- 3 |  4- 6 || total
---------------------------+-------+-------++-------
  Melee: Unarmed           |    23 |    15 ||    38
         Constrict         |     7 |     3 ||    10
         Tentacles         |     4 |     4 ||     8
         Punch             |       |     2 ||     2
    Use: Potion            |     1 |       ||     1
 Armour: Skin              |     1 |       ||     1
  Dodge: Dodged            |    12 |     6 ||    18

Table legend: (Time is in decaauts)
 A = Elapsed time spent in this place.
 B = Non-inter-level travel time spent in this place.
 C = Inter-level travel time spent in this place.
 D = Time resting spent in this place.
 E = Time spent auto-exploring this place.
 F = Levels seen in this place.
 G = Mean time per level.
                   A        B        C        D        E       F      G
               +--------+--------+--------+--------+--------+-----+--------+
         Total |    584 |    563 |     21 |    416 |     10 |   1 |  584.0 |
       Dungeon |    584 |    563 |     21 |    416 |     10 |   1 |  584.0 |
               +--------+--------+--------+--------+--------+-----+--------+

Top non-repeatable levels by time:
       D: 584 daAuts
